 Dungeon Crawl Stone Soup version 0.30-a0-824-g6c64550be9 (webtiles) character file.

Game seed: 1345260790040413636

5365 crusatyr the Skirmisher (level 10, -1/70 (77) HPs)
             Began as a Hill Orc Monk on Feb 28, 2023.
             Was a Believer of Okawaru.
             Slain by a wight
             ... wielding a +3 spear
              (9 damage)
             ... on level 9 of the Dungeon.
             The game lasted 00:14:32 (8747 turns).

crusatyr the Skirmisher (Hill Orc Monk)             Turns: 8747, Time: 00:14:34

HP:   -1/70 (77)    AC: 12    Str: 20    XL:     10   Next: 65%
MP:   3/3           EV:  8    Int:  8    God:    Okawaru [**....]
Gold: 160           SH:  0    Dex: 13    Spells: 9/9 levels left

rFire   . . .      SeeInvis +    z - +1 arbalest of Wyrd {antimagic, rPois rC+++ Str+3 Dex-2}
rCold   + + +      Faith    .    (shield currently unavailable)
rNeg    . . .      Spirit   .    g - +1 chain mail
rPois   +          Reflect  .    n - +0 helmet
rElec   .          Harm     .    (no cloak)
rCorr   .          Rampage  .    i - +1 pair of gloves of the Nexus {Int-2 Slay+5}
Will    .....                    (no boots) Stlth
                                 (no amulet)
HPRegen 0.31/turn                w - ring of see invisible
MPRegen 0.08/turn                (no ring)

@: about to teleport, drained
A: no striking features
a: Renounce Religion, Heroism


You were on level 9 of the Dungeon.
You worshipped Okawaru.
Okawaru was pleased with you.
You visited 2 branches of the dungeon, and saw 10 of its levels.

You collected 635 gold pieces.
You spent 475 gold pieces at shops.

Inventory:

Hand Weapons
 a - a +0 hand axe
 f - a +0 whip
 k - the +2 sling "Kosas" {flame, rN+ Will+}
   (You found it on level 2 of the Dungeon)

   rN:        It protects you from negative energy.
   Will:      It increases your willpower.
 z - the +1 arbalest of Wyrd (weapon) {antimagic, rPois rC+++ Str+3 Dex-2}
   (You bought it in a shop on level 4 of the Dungeon)

   Str:       It affects your strength (+3).
   Dex:       It affects your dexterity (-2).
   rC:        It renders you almost immune to cold.
   rPois:     It protects you from poison.
Missiles
 q - 10 poisoned darts
Armour
 g - a +1 chain mail (worn)
 i - the +1 pair of gloves of the Nexus (worn) {Int-2 Slay+5}
   (You acquired it on level 4 of the Dungeon)

   Int:       It affects your intelligence (-2).
   Slay:      It affects your accuracy & damage with ranged weapons and melee
   (+5).
 n - a +0 helmet (worn)
Jewellery
 w - a ring of see invisible (left hand)
Wands
 m - a wand of acid (7)
 v - a wand of roots (19)
 C - a wand of paralysis (7)
Scrolls
 b - 6 scrolls of amnesia
 e - 5 scrolls of teleportation
 o - a scroll of summoning
 r - a scroll of fear
 y - a scroll of silence
 B - a scroll of poison
 E - a scroll of enchant armour
Potions
 c - 2 potions of ambrosia
 d - 3 potions of flight
 h - 4 potions of might
 j - 2 potions of berserk rage
 l - 2 potions of magic
 p - a potion of heal wounds
 s - 3 potions of haste
 t - 3 potions of curing
 u - 2 potions of brilliance {unknown}
 x - 3 potions of cancellation {unknown}
 A - a potion of mutation {unknown}


   Skills:
 - Level 3.6 Fighting
 - Level 6.2 Axes
 * Level 13.6 Ranged Weapons
 - Level 2.4 Dodging
 - Level 1.5 Stealth


You had 9 spell levels left.
You didn't know any spells.
Your spell library contained the following spells:

 Spells                   Type           Power      Damage    Failure   Level
 Apportation              Tloc           0%         N/A       99%         1
 Cigotuvi's Dreadful Rot  Necr/Pois/Air  0%         N/A       100%        2
 Poisonous Vapours        Pois/Air       0%         N/A       100%        2
 Hailstorm                Conj/Ice       0%         3d3       100%        3
 Ignite Poison            Fire/Tmut/Pois 0%         N/A       100%        3
 Mephitic Cloud           Conj/Pois/Air  0%         N/A       100%        3
 Ice Form                 Ice/Tmut       0%         N/A       100%        4
 Sticky Flame             Conj/Fire      0%         2d3       100%        4
 Alistair's Intoxication  Tmut/Pois      0%         N/A       100%        5
 Ignition                 Fire           0%         3d3       100%        8
 Simulacrum               Ice/Necr       Unusable   N/A       N/A         6

Dungeon Overview and Level Annotations

Branches:
Dungeon (9/15)             Temple (1/1) D:7            Lair (0/5) D:8
    Orc: D:9-12

Altars:
Ashenzari
Cheibriados
Dithmenos
Fedhas
Hepliaklqana
Makhleb
Okawaru
Qazlal
Sif Muna
Trog
Uskayaw
Vehumet
Wu Jian
Yredelemnul
Zin
The Shining One

Shops:
D:4 (?([   D:6 *


Message History

You are too injured to fight recklessly!
You are too injured to fight recklessly!
You are too injured to fight recklessly!
There are no items here.
You shoot a bolt. The bolt hits the wight!
You destroy the wight!
Okawaru accepts your kill. The wight barely misses you.
The wight hits you from afar with a +3 spear.
The wyvern bites you!
* * * LOW HITPOINT WARNING * * *
The wight completely misses you.
The wight hits you from afar with a +3 spear.
* * * LOW HITPOINT WARNING * * *
As you read the scroll of fear, it crumbles to dust.
You assume a fearsome visage.
The wyvern looks frightened!
The wight is unaffected. x3; The wight hits you with a +2 hand axe.
* * * LOW HITPOINT WARNING * * *
You feel drained.
* * * LOW HITPOINT WARNING * * *
The wight hits you but does no damage. x2
As you read the scroll of teleportation, it crumbles to dust.
You feel strangely unstable. The wight hits you but does no damage.
The wight hits you from afar with a +2 halberd of freezing.
* * * LOW HITPOINT WARNING * * *
You feel drained.
You shoot a bolt. The bolt hits the wight!!
You destroy the wight!
Okawaru accepts your kill. The wight barely misses you. x2
Fire: z) +1 arbalest of Wyrd {antimagic, rPois rC+++ Str+3 Dex-2}
Press: ? - help, Q - select action, (/) - cycle Shift-Dir - straight line, f - wight
Aim: a wight, wielding a +2 halberd of freezing and wearing a +0 robe (severely damaged, 67% to hit)
You shoot a bolt. The bolt hits the wight.
The wight is severely damaged.
The wight hits you but does no damage. The wight closely misses you.
The wight hits you from afar with a +2 halberd of freezing.
* * * LOW HITPOINT WARNING * * *
The wight hits you from afar with a +3 spear!
You die...

#.<...
#!...#
#..#.#
#....#####
#..........
#.zz...##..
#.)........
#)@........
#.......#.
#..##......
#..##.####'
#.....#
#.....####
#.#......#
#......#.#
#......#.#


You could see 2 wights.

Vanquished Creatures
  Pikel (D:4)
  A cyclops (D:8)
  The ghost of Nacht the Tormented, a novice DsNe of Kikubaaqudgha (D:4)
  Grinder (D:6)
  A hornet (D:7)
  Sigmund (D:2)
  A wyvern (D:8)
  2 steam dragons
  Menkaure (D:4)
  2 water moccasins
  2 ice beasts (D:7)
  3 sky beasts
  An orc warrior (D:8)
  3 black bears
  2 ogres
  3 centaurs
  A phantom (D:4)
  Blork the orc (D:4)
  4 necrophages
  2 scorpions (D:5)
  6 wights
  2 howler monkeys (D:9)
  3 jellies
  2 orc priests
  4 hounds
  5 iguanas
  Ijyb (D:3)
  8 orc wizards
  A mummy (D:7)
  4 gnolls (D:5)
  8 adders
  A shadow imp (D:5)
  An ufetubus (D:7)
  2 worms
  4 dart slugs
  16 orcs
  10 ball pythons
  11 endoplasms
  3 giant cockroaches
  8 goblins
  11 hobgoblins
  8 jackals
  3 quokkas (D:5)
  10 bats
  5 frilled lizards
  11 kobolds
  2 rats
184 creatures vanquished.

Notes
Turn   | Place    | Note
-------+----------+-------------------------------------------
     0 | D:1      | crusatyr the Hill Orc Monk began the quest for the Orb.
     0 | D:1      | Reached XP level 1. HP: 19/19 MP: 1/1
   253 | D:1      | Reached XP level 2. HP: 26/26 MP: 2/2
   346 | D:1      | Reached skill level 5 in Axes
   383 | D:1      | Reached XP level 3. HP: 12/31 MP: 3/3
  1201 | D:2      | Identified the +2 sling "Kosas" {flame, rN+ Will+}
  1234 | D:2      | Reached XP level 4. HP: 39/39 MP: 4/4
  1296 | D:2      | Reached skill level 1 in Ranged Weapons
  1380 | D:2      | Noticed Sigmund
  1385 | D:2      | Killed Sigmund
  1386 | D:2      | Reached skill level 3 in Ranged Weapons
  1386 | D:2      | Reached XP level 5. HP: 45/45 MP: 5/5
  1386 | D:2      | Reached XP level 6. HP: 51/51 MP: 6/6
  1783 | D:2      | Found a faded altar of an unknown god.
  2000 | D:3      | Reached skill level 4 in Ranged Weapons
  2541 | D:3      | Noticed Ijyb
  2545 | D:3      | Killed Ijyb
  2725 | D:4      | Found Paodinoi's Weapon Emporium.
  2739 | D:4      | Identified a scroll of acquirement
  2739 | D:4      | Acquired the +1 pair of gloves of the Nexus {Int-2 Slay+5}
  2776 | D:4      | Found a runed translucent gate.
  2778 | D:4      | Found a runed translucent gate.
  2778 | D:4      | Noticed Nacht's ghost (novice DsNe)
  2780 | D:4      | Found a runed translucent gate.
  2814 | D:4      | Noticed Pikel
  2825 | D:4      | Killed Pikel
  2826 | D:4      | Reached skill level 7 in Ranged Weapons
  2826 | D:4      | Reached XP level 7. HP: 28/57 MP: 7/7
  3046 | D:4      | Reached XP level 8. HP: 64/64 MP: 8/8
  3094 | D:4      | Found Fuamm's Magic Scroll Boutique.
  3102 | D:4      | Bought a scroll of identify for 26 gold pieces
  3102 | D:4      | Bought a scroll of identify for 26 gold pieces
  3102 | D:4      | Bought a scroll of summoning for 123 gold pieces
  3102 | D:4      | Bought a scroll of fear for 52 gold pieces
  3102 | D:4      | Bought a scroll of teleportation for 39 gold pieces
  3117 | D:4      | Noticed Blork the orc
  3122 | D:4      | Killed Blork the orc
  3220 | D:4      | Noticed Menkaure
  3224 | D:4      | Killed Menkaure
  3225 | D:4      | Reached skill level 8 in Ranged Weapons
  3265 | D:4      | Found Romeycli's Antique Weapon Shoppe.
  3295 | D:4      | Found Wiyheh's Antique Armour Shop.
  3436 | D:4      | Found a burning altar of Makhleb.
  4038 | D:4      | Killed Nacht's ghost
  4039 | D:4      | Reached skill level 9 in Ranged Weapons
  4360 | D:5      | Entered Level 5 of the Dungeon
  4634 | D:5      | Reached XP level 9. HP: 64/70 MP: 9/9
  4886 | D:5      | Found a glowing golden altar of the Shining One.
  4946 | D:5      | Reached skill level 10 in Ranged Weapons
  4947 | D:5      | HP: 2/70 [iguana (6)]
  5195 | D:5      | Found a shadowy altar of Dithmenos.
  5681 | D:5      | Reached skill level 11 in Ranged Weapons
  6098 | D:6      | Found an ornate altar of the Wu Jian Council.
  6185 | D:6      | Found Fuanorph's General Store.
  6606 | D:6      | Reached skill level 12 in Ranged Weapons
  6606 | D:6      | Reached XP level 10. HP: 62/77 MP: 10/10
  6893 | D:6      | Noticed Grinder
  6900 | D:6      | Killed Grinder
  7311 | D:4      | Bought a masterwork arbalest for 209 gold pieces
  7311 | D:4      | Identified the +1 arbalest of Wyrd {antimagic, rPois rC+++
                  | Str+3 Dex-2} (You bought it in a shop on level 4 of the
                  | Dungeon)
  7379 | D:7      | Identified the +1 rapier of Instinct {heavy, rF- rCorr
                  | Str+2 Int+4}
  7411 | D:7      | HP: 3/77 [something (15)]
  7682 | D:7      | Found a staircase to the Ecumenical Temple.
  7688 | Temple   | Entered the Ecumenical Temple
  7694 | Temple   | Became a worshipper of Warmaster Okawaru
  7694 | Temple   | Reached * piety under Okawaru
  7694 | Temple   | Reached ** piety under Okawaru
  7847 | D:7      | Found a snail-covered altar of Cheibriados.
  8138 | D:8      | Noticed a cyclops
  8142 | D:8      | Killed a cyclops
  8143 | D:8      | Reached skill level 13 in Ranged Weapons
  8579 | D:8      | Found a staircase to the Lair.
  8747 | D:9      | Slain by a wight

Illustrated notes

Levels and vault maps discovered:
D:1:      nagdon_arrival_zigzag_paths, layout_basic, st_stairs_2,
          minmay_heptomino_l4
D:2:      layout_loops_ring, shapermc_ecumenical_altar_hornbeckon,
          mrwooster_statue_mirror, uniq_sigmund
D:3:      layout_rooms, uniq_ijyb
D:4:      layout_layer_cave, mainiacjoe_overflow_six_doors_small,
          ebering_ghost_rock_garden, serial_shops, shop, nicolae_stop_n_shop_1,
          shop, serial_rivers, chequers_serial_rivers_micro_d,
          chequers_serial_rivers_micro_c, chequers_serial_rivers_small_3,
          chequers_serial_rivers_micro_c, chequers_serial_rivers_large_a,
          nicolae_take_the_stairs, uniq_pikel, uniq_blork_the_orc, uniq_menkaure
D:5:      minmay_bubble_buster, layout_basic, grunt_dithmenos_smoke,
          amcnicky_altar_gilded
D:6:      layout_layer_cave, pdpol_wu_jian_five_deadly_venoms, serial_shops,
          nicolae_inconvenience_store, uniq_grinder
D:7:      layout_rooms, slow_altar_1, minmay_temple_entry_waves
D:8:      layout_cave_pools, lair_entry_dummy
D:9:      layout_stronghold, nicolae_gozag_seed_capital,
          minmay_orc_entry_temple_small
Temple:   hellmonk_temple_two_chambers

Skill      XL: |  1  2  3  4  5  6  7  8  9 10 |
---------------+-------------------------------+-----
Axes           | 5 6 |  6.2
Ranged Weapons | 3 7 9 12 13 | 13.6
Fighting       | |  3.6
Dodging        | |  2.4
Stealth        | |  1.5

Action                     |  1- 3 |  4- 6 |  7- 9 | 10-12 || total
---------------------------+-------+-------+-------+-------++-------
  Melee: Hand axe          |   120 |       |       |       ||   120
         Arbalest          |       |       |       |     2 ||     2
   Fire: Sling             |     4 |   142 |   252 |     7 ||   405
         Arbalest          |       |       |       |    97 ||    97
    Use: Scroll            |       |     8 |     5 |     4 ||    17
   Stab: Sleeping          |     2 |       |       |       ||     2
 Armour: Robe              |    28 |       |       |       ||    28
         Chain mail        |    29 |   125 |   116 |    36 ||   306
  Dodge: Dodged            |    83 |    82 |    40 |    35 ||   240

Table legend: (Time is in decaauts)
 A = Elapsed time spent in this place.
 B = Non-inter-level travel time spent in this place.
 C = Inter-level travel time spent in this place.
 D = Time resting spent in this place.
 E = Time spent auto-exploring this place.
 F = Levels seen in this place.
 G = Mean time per level.
                   A        B        C        D        E       F      G
               +--------+--------+--------+--------+--------+-----+--------+
         Total |   9034 |   8575 |    459 |   1157 |   5986 |  10 |  903.4 |
       Dungeon |   9022 |   8568 |    454 |   1157 |   5986 |   9 | 1002.4 |
        Temple |     12 |      7 |      5 |      0 |      0 |   1 |   12.0 |
               +--------+--------+--------+--------+--------+-----+--------+

Top non-repeatable levels by time:
     D:4: 1711 daAuts
     D:5: 1631 daAuts
     D:6: 1427 daAuts
     D:1: 1098 daAuts
     D:3: 891 daAuts
     D:2: 830 daAuts
     D:7: 761 daAuts
     D:8: 600 daAuts
     D:9: 69 daAuts
  Temple: 12 daAuts
